Map: Eternal Empire LE

Players

PtitDrogo - Winner!

  • Race: Protoss Protoss
  • League: Master
  • Spawn Location: 1:00

Serral

  • Race: Zerg Zerg
  • Spawn Location: 7:00

Event: StayAtHomestory Cup #2

VOD

Have the link to the VOD?

Description

Time

  • Played on: June 12, 2020, 2:57 p.m.
  • Length: 9:17

All games in this series

Show
View Real Time Build Order
Export as new Build Order

PtitDrogo Protoss - Winner!

Build Orders: 1 Gate Expand, Oracle Opening, Zealot Archon, Archon Drop 

Get SALT Encoding   

  12  0:00  Probe  
  13  0:12  Probe  
  14  0:20  Pylon  
  14  0:24  Probe  
  15  0:35  Probe  
  15  0:39  Assimilator  
  16  0:43  Probe  
  16  0:49  Gateway  
  17  0:53  Probe  
  18  1:05  Probe  
  19  1:17  Probe  
  20  1:24  Nexus  
  20  1:36  Cybernetics Core  
  20  1:39  Probe  
  21  1:43  Assimilator  
  21  1:51  Probe  
  21  1:52  Pylon  
  22  2:02  Adept  
  22  2:03  Probe  
  23  2:12  Warp Gate  
  23  2:15  Probe  
  26  2:22  Adept, Stargate  
  26  2:27  Probe  
  27  2:34  Probe  
  29  2:39  Probe  
  29  2:42  Probe  
  32  2:51  Probe  
  32  2:52  Probe, Stalker  
  32  2:57  Oracle  
  36  3:03  Probe  
  40  3:06  Probe  
  41  3:14  Pylon  
  41  3:15  Probe  
  41  3:19  Probe  
  43  3:24  Gateway  
  43  3:25  Oracle  
  43  3:28  Probe  
  43  3:31  Probe  
  45  3:40  Probe  
  49  3:43  Probe  
  50  3:52  Probe  
  51  3:56  Probe, Pylon  
  51  3:58  Nexus  
  52  4:04  Probe  
  52  4:07  Assimilator x2  
  52  4:08  Probe  
  54  4:16  Probe  
  52  4:20  Adept, Probe  
  52  4:23  Shield Battery  
  55  4:26  Twilight Council  
  55  4:28  Probe  
  56  4:33  Probe  
  56  4:35  Forge  
  57  4:40  Probe, Zealot  
  57  4:44  Adept  
  57  4:45  Protoss Ground Weapons Level 1  
  58  4:48  Probe  
  57  4:54  Robotics Facility  
  57  4:55  Charge, Probe  
  57  4:58  Gateway  
  58  5:00  Gateway  
  58  5:01  Probe  
  58  5:03  Gateway  
  59  5:09  Probe  
  59  5:11  Probe  
  61  5:14  Probe  
  61  5:17  Probe, Templar Archives  
  63  5:23  Probe  
  63  5:26  Probe  
  65  5:28  Probe  
  66  5:38  Warp Prism  
  66  5:39  Gateway  
  66  5:42  Gateway  
  66  5:44  Gateway x2  
  68  5:51  Assimilator  
  68  5:54  Pylon  
  68  5:56  Probe  
  71  5:58  Assimilator  
  71  6:01  Pylon  
  71  6:02  High Templar x2  
  71  6:03  High Templar, Pylon  
  75  6:04  High Templar  
  75  6:07  Archon  
  75  6:08  Archon  
  75  6:11  Pylon x2  
  77  6:13  Probe x2  
  77  6:17  Probe  
  80  6:25  Probe  
  80  6:26  Probe  
  82  6:37  High Templar x2  
  82  6:38  Zealot x7  
  100  6:41  Archon  
  100  6:43  Probe  
  99  7:01  Zealot x7  
  109  7:14  Probe  
  101  7:17  Zealot x2  
  101  7:18  Immortal  
  101  7:22  Zealot x7  
  117  7:28  Probe  
  106  7:40  Zealot x2  
  106  7:42  Zealot x7  
  112  7:58  Nexus  
  108  8:01  Zealot x2  
  108  8:03  Zealot x2  
  114  8:07  Zealot  
  116  8:19  Immortal  
  110  8:25  Zealot x6  
  110  8:26  Probe  
  115  8:29  Pylon  
  101  8:36  Probe  
  100  8:42  Pylon  
  100  8:48  High Templar x8  
  110  8:49  Zealot  
  110  8:52  Archon x4  
  100  9:04  Unknown  
  94  9:16  Zealot  
Show
View Real Time Build Order
Export as new Build Order

Serral Zerg 

Build Orders: Hatch First 

Get SALT Encoding   

  12  0:00  Drone  
  13  0:12  Overlord  
  13  0:17  Drone  
  14  0:30  Drone  
  14  0:31  Drone  
  16  0:48  Hatchery  
  15  0:52  Drone  
  15  0:55  Drone  
  17  0:59  Drone  
  18  1:08  Extractor  
  17  1:14  Spawning Pool  
  17  1:17  Drone  
  17  1:20  Drone  
  18  1:29  Drone  
  19  1:39  Drone  
  20  1:50  Overlord  
  20  2:00  Queen x2  
  25  2:01  Zergling x4  
  26  2:11  Drone x2  
  26  2:12  Metabolic Boost  
  28  2:22  Drone  
  29  2:23  Drone  
  30  2:35  Hatchery  
  29  2:38  Drone  
  29  2:42  Drone  
  31  2:47  Queen  
  33  2:52  Overlord  
  33  2:55  Drone  
  33  2:57  Drone  
  35  2:59  Drone  
  35  3:13  Drone x4  
  35  3:14  Overlord  
  35  3:19  Zergling x2  
  40  3:27  Zergling x2  
  40  3:28  Zergling x2  
  40  3:32  Queen  
  44  3:35  Drone  
  44  3:40  Drone x2  
  47  3:43  Zergling x2  
  47  3:44  Overlord  
  47  3:45  Drone  
  47  3:47  Queen  
  47  3:48  Drone x2  
  53  3:56  Zergling x2  
  53  3:59  Drone x2  
  53  4:00  Drone x2, Baneling Nest  
  57  4:03  Spore Crawler  
  57  4:04  Drone  
  57  4:07  Drone  
  57  4:11  Drone x3  
  57  4:12  Drone  
  57  4:13  Drone  
  57  4:21  Drone x2  
  57  4:23  Spore Crawler  
  58  4:25  Roach Warren  
  58  4:26  Drone  
  58  4:30  Drone  
  58  4:31  Drone  
  58  4:34  Drone  
  58  4:36  Spore Crawler  
  58  4:40  Zergling x2  
  58  4:42  Zergling x2  
  58  4:43  Drone  
  59  4:46  Drone x2  
  59  4:47  Drone  
  59  4:50  Drone x3  
  65  4:53  Extractor  
  65  4:55  Lair  
  65  4:56  Overlord  
  65  4:58  Overlord  
  64  5:01  Drone  
  64  5:04  Extractor  
  64  5:05  Drone x2  
  66  5:09  Evolution Chamber  
  66  5:10  Drone  
  66  5:13  Overlord  
  66  5:16  Drone  
  66  5:17  Drone  
  66  5:18  Drone  
  66  5:19  Drone x3  
  72  5:21  Drone x2  
  72  5:23  Drone x2  
  72  5:24  Drone  
  72  5:28  Drone x2  
  79  5:32  Extractor, Overlord  
  78  5:36  Zerg Melee Weapons Level 1  
  78  5:41  Drone, Hatchery  
  78  5:42  Extractor  
  77  5:43  Extractor, Drone x2  
  77  5:47  Drone  
  79  5:50  Drone x4  
  79  5:53  Glial Reconstitution  
  79  5:55  Overseer  
  79  5:57  Drone, Baneling Nest  
  81  5:58  Drone  
  81  6:00  Overseer  
  81  6:01  Overlord  
  83  6:05  Pneumatized Carapace  
  83  6:13  Drone x7  
  90  6:21  Overlord x2  
  90  6:23  Roach x3  
  96  6:27  Overlord  
  96  6:33  Roach  
  96  6:36  Overlord  
  96  6:39  Roach  
  97  6:42  Roach x4  
  97  6:45  Baneling x3  
  97  6:46  Roach  
  107  6:49  Roach x2  
  107  6:50  Hatchery  
  107  6:51  Roach x2  
  107  6:53  Roach x3  
  118  7:03  Roach x5  
  118  7:07  Queen x2  
  128  7:13  Roach x3  
  127  7:15  Roach  
  127  7:16  Roach  
  127  7:22  Roach x2  
  117  7:35  Roach, Zergling x2  
  117  7:36  Roach, Zergling x4  
  119  7:42  Roach x2  
  111  7:45  Queen  
  111  7:50  Roach  
  107  7:55  Roach  
  109  8:01  Roach  
  109  8:05  Roach  
  109  8:06  Hatchery  
  109  8:12  Roach  
  108  8:16  Roach x2  
  108  8:18  Roach x3  
  98  8:36  Roach, Zergling x6  
  101  8:48  Roach x3  
  105  8:53  Hatchery  
  102  8:57  Roach  
Tags
 
Add a new tag
Caveats
  • Supply blocks, unpowered buildings, or Contaminate may cause inaccurate times.
  • Supply counts are checked every 10 seconds.